 Dungeon Crawl Stone Soup version 0.27-a0-1434-g6f15984924 (webtiles) character file.

Game seed: 3054580173673210445

301 funkygono the Shield-Bearer (level 6, 0/53 HPs)
             Began as a Gnoll Fighter on July 4, 2021.
             Slain by a hornet zombie (10 damage)
             ... on level 4 of the Dungeon.
             The game lasted 00:05:44 (3653 turns).

funkygono the Shield-Bearer (Gnoll Fighter)         Turns: 3653, Time: 00:05:45

Health: 0/53       AC: 10    Str: 17    XL:     6   Next: 37%
Magic:  17/17      EV:  8    Int:  8    God:
Gold:   117        SH: 10    Dex: 11    Spells: 7/8 levels left

rFire    . . .     SeeInvis .   a - +1 long sword (vorpal)
rCold    . . .     Faith    .   c - +0 kite shield
rNeg     . . .     Spirit   .   b - +0 scale mail
rPois    .         Reflect  .   (no helmet)
rElec    .         Harm     .   (no cloak)
rCorr    .         Rampage  .   g - +1 pair of gloves
Will     +....                  (no boots)
Stlth    ..........             j - amulet of magic regeneration
HPRegen  0.17/turn              h - ring "Qyotokk" {Wiz Fly Will+ MP+9}
MPRegen  0.40/turn              (no ring)

@: flying
A: fangs 1, strong nose, distributed training
a: no special abilities


You were on level 4 of the Dungeon.
You visited 1 branch of the dungeon, and saw 4 of its levels.

You collected 117 gold pieces.

Inventory:

Hand Weapons
 a - a +1 vorpal long sword (weapon)
Missiles
 i - 124 stones (quivered)
Armour
 b - a +0 scale mail (worn)
 c - a +0 kite shield (worn)
 g - a +1 pair of gloves (worn)
Jewellery
 h - the ring "Qyotokk" (left hand) {Wiz Fly Will+ MP+9}
   (You acquired it on level 3 of the Dungeon)

   [ring of wizardry]

   It improves your spell success rate.
   MP:        It affects your magic capacity (+9).
   Fly:       It grants you flight.
   Will:      It increases your willpower.
 j - an amulet of magic regeneration (around neck)
Wands
 n - a wand of digging (4)
Scrolls
 p - a scroll of magic mapping
Potions
 d - a potion of might
 e - a potion of cancellation
 f - a potion of resistance {unknown}
 k - a potion of mutation {unknown}
 l - 2 potions of curing
 r - a potion of flight {unknown}


   Skills:
 + Level 6.8 Fighting
 + Level 1.9 Short Blades
 + Level 5.0 Long Blades
 + Level 1.9 Axes
 + Level 1.9 Maces & Flails
 + Level 1.9 Polearms
 + Level 1.9 Staves
 + Level 1.9 Slings
 + Level 1.9 Bows
 + Level 1.9 Crossbows
 + Level 1.9 Throwing
 + Level 6.8 Armour
 + Level 1.9 Dodging
 + Level 1.9 Stealth
 + Level 6.8 Shields
 + Level 1.9 Unarmed Combat
 + Level 1.9 Spellcasting
 + Level 1.5 Conjurations
 + Level 1.5 Hexes
 + Level 1.5 Summonings
 + Level 1.5 Necromancy
 + Level 1.5 Translocations
 + Level 1.5 Transmutations
 + Level 1.5 Fire Magic
 + Level 1.5 Ice Magic
 + Level 1.5 Air Magic
 + Level 1.5 Earth Magic
 + Level 1.5 Poison Magic
 + Level 2.1 Invocations
 + Level 1.9 Evocations


You had 7 spell levels left.
You knew the following spells:

 Your Spells              Type           Power      Damage    Failure   Level
a - Shock                 Conj/Air       12%        1d3       52%         1

Your spell library contained the following spells:

 Spells                   Type           Power      Damage    Failure   Level
 Swiftness                Air            3%         N/A       86%         3
 Airstrike                Air            1%         N/A       99%         4


Dungeon Overview and Level Annotations

Branches:
Dungeon (4/15)
 Temple: D:4-7

Altars:
Makhleb
Sif Muna
Zin

Shops:
D:2 ?


Innate Abilities, Weirdness & Mutations

You have very sharp teeth.
Your uncanny sense of smell can sniff out nearby items.
Your experience applies equally to all skills.


Message History

The water moccasin skeleton bites you.
You slash the water moccasin skeleton!
The water moccasin skeleton is almost destroyed.
The water moccasin skeleton bites you but does no damage.
You hit the water moccasin skeleton.
You destroy the water moccasin skeleton!
Your Long Blades skill increases to level 5!
An endoplasm comes into view.
The endoplasm quivers.
A hornet zombie comes into view.
Found 15 gold pieces.
You hit the endoplasm.
The endoplasm is moderately wounded.
The endoplasm freezes you.
You are frozen.
The endoplasm barely misses you.
You riposte.
You completely miss the endoplasm.
The endoplasm is moderately wounded.
You slash the endoplasm!
You kill the endoplasm!
The hornet zombie hits you!
You closely miss the hornet zombie. The hornet zombie hits you.
You barely miss the hornet zombie. The hornet zombie hits you.
The hornet zombie hits you but does no damage.
You hit the hornet zombie. You bite the hornet zombie.
The hornet zombie is lightly damaged.
The hornet zombie hits you! The hornet zombie hits you.
You barely miss the hornet zombie.
The hornet zombie is lightly damaged.
The hornet zombie hits you.
* * * LOW HITPOINT WARNING * * *
You hit the hornet zombie.
You bite the hornet zombie, but do no damage.
The hornet zombie is lightly damaged.
The hornet zombie hits you but does no damage.
The hornet zombie hits you.
* * * LOW HITPOINT WARNING * * *
You hit the hornet zombie but do no damage.
The hornet zombie is lightly damaged.
The hornet zombie hits you!
You die...

#.# #. ∆ #.###.. ###.#...
#.....# ##########...##
#.....<..#...<########
####...#....#........####
#...##...#..#####.....
#...Z@.#.##)...#######
#...####.#####.# # ##.Z.#
#.## #.# #.Z.# #..# #.#
#$......# ##.# #.#
...###..)# #.## #.## # .
#...# #..# #..###### ∆
##.## ##.# ##..#.... #.#
#.###...>.###


You could see a hornet zombie.

Vanquished Creatures
  A water moccasin zombie (D:3)
  A water moccasin skeleton (D:4)
  A jelly (D:4)
  Natasha (thrice) (D:2)
  2 worms (D:2)
  3 dart slugs
  An orc (D:3)
  7 ball pythons
  8 bats
  9 endoplasms
  2 giant cockroaches
  5 goblins
  6 hobgoblins
  7 jackals
  7 quokkas
  2 frilled lizards (D:1)
  4 kobolds
  9 rats
78 creatures vanquished.

Notes
Turn   | Place    | Note
-------+----------+-------------------------------------------
     0 | D:1      | funkygono the Gnoll Fighter began the quest for the Orb.
     0 | D:1      | Reached XP level 1. HP: 23/23 MP: 1/1
   199 | D:1      | Reached XP level 2. HP: 23/29 MP: 2/2
   568 | D:1      | Reached XP level 3. HP: 35/35 MP: 3/3
   758 | D:1      | Reached skill level 1 in Invocations
   890 | D:1      | Learned a level 1 spell: Shock
  1326 | D:2      | Found a shimmering blue altar of Sif Muna.
  1419 | D:2      | Reached skill level 1 in Short Blades
  1419 | D:2      | Reached skill level 1 in Axes
  1419 | D:2      | Reached skill level 1 in Maces & Flails
  1419 | D:2      | Reached skill level 1 in Polearms
  1419 | D:2      | Reached skill level 1 in Staves
  1419 | D:2      | Reached skill level 1 in Slings
  1419 | D:2      | Reached skill level 1 in Bows
  1419 | D:2      | Reached skill level 1 in Crossbows
  1419 | D:2      | Reached skill level 1 in Throwing
  1419 | D:2      | Reached skill level 1 in Dodging
  1419 | D:2      | Reached skill level 1 in Stealth
  1419 | D:2      | Reached skill level 1 in Unarmed Combat
  1419 | D:2      | Reached skill level 1 in Spellcasting
  1419 | D:2      | Reached skill level 1 in Evocations
  1539 | D:2      | Reached XP level 4. HP: 41/41 MP: 5/5
  1709 | D:2      | Found Avvieng's Magic Scroll Emporium.
  1720 | D:2      | Noticed Natasha
  1727 | D:2      | Killed Natasha
  1728 | D:2      | Reached skill level 1 in Conjurations
  1728 | D:2      | Reached skill level 1 in Hexes
  1728 | D:2      | Reached skill level 1 in Summonings
  1728 | D:2      | Reached skill level 1 in Necromancy
  1728 | D:2      | Reached skill level 1 in Translocations
  1728 | D:2      | Reached skill level 1 in Transmutations
  1728 | D:2      | Reached skill level 1 in Fire Magic
  1728 | D:2      | Reached skill level 1 in Ice Magic
  1728 | D:2      | Reached skill level 1 in Air Magic
  1728 | D:2      | Reached skill level 1 in Earth Magic
  1728 | D:2      | Reached skill level 1 in Poison Magic
  1786 | D:2      | Noticed Natasha
  1793 | D:2      | Killed Natasha
  1794 | D:2      | Reached XP level 5. HP: 44/47 MP: 6/6
  1864 | D:2      | Noticed Natasha
  1872 | D:2      | Killed Natasha
  2570 | D:3      | Found a glowing silver altar of Zin.
  2698 | D:3      | Found a burning altar of Makhleb.
  3299 | D:3      | Found a faded altar of an unknown god.
  3485 | D:3      | Identified a scroll of acquirement
  3485 | D:3      | Acquired the ring "Qyotokk" {Wiz Fly Will+ MP+9}
  3525 | D:4      | Reached XP level 6. HP: 51/53 MP: 8/8
  3636 | D:4      | Reached skill level 5 in Long Blades
  3653 | D:4      | Slain by a hornet zombie

Illustrated notes

Levels and vault maps discovered:
D:1:      ncdulo_smallfort, layout_loops_ring, serial_park_tiny_2
D:2:      layout_loops_ring, basic_altar, serial_shops,
          nicolae_shop_behind_doors, corexii_corridor_pit, roderic_lattice_a,
          uniq_natasha
D:3:      layout_loops_corners, bloody_makhleb, zin_treasury,
          hellmonk_ecumenical_altar_leap_of_faith
D:4:      layout_rooms, kennysheep_generic_room_2, uniq_pikel

Skill      XL: |  1  2  3  4  5  6 |
---------------+-------------------+-----
Invocations    | 1 2 |  2.1
Short Blades   | 1 |  1.9
Axes           | 1 |  1.9
Maces & Flails | 1 |  1.9
Polearms       | 1 |  1.9
Staves         | 1 |  1.9
Slings         | 1 |  1.9
Bows           | 1 |  1.9
Crossbows      | 1 |  1.9
Throwing       | 1 |  1.9
Dodging        | 1 |  1.9
Stealth        | 1 |  1.9
Unarmed Combat | 1 |  1.9
Spellcasting   | 1 |  1.9
Evocations     | 1 |  1.9
Conjurations   | 1 |  1.5
Hexes          | 1 |  1.5
Summonings     | 1 |  1.5
Necromancy     | 1 |  1.5
Translocations | 1 |  1.5
Transmutations | 1 |  1.5
Fire Magic     | 1 |  1.5
Ice Magic      | 1 |  1.5
Air Magic      | 1 |  1.5
Earth Magic    | 1 |  1.5
Poison Magic   | 1 |  1.5
Long Blades    | 5 |  5.0
Fighting       | |  6.8
Armour         | |  6.8
Shields        | |  6.8

Action                   |  1- 3 |  4- 6 || total
-------------------------+-------+-------++-------
Melee: Long sword        |   116 |   122 ||   238
       Bite              |     4 |     8 ||    12
  Use: Scroll            |     3 |     6 ||     9
Armor: Scale mail        |    57 |    41 ||    98
Dodge: Dodged            |    38 |    34 ||    72
Block: Kite shield       |    59 |    57 ||   116
       Rpst.: Long sword |    10 |     5 ||    15

Table legend: (Time is in decaauts)
 A = Elapsed time spent in this place.
 B = Non-inter-level travel time spent in this place.
 C = Inter-level travel time spent in this place.
 D = Time resting spent in this place.
 E = Time spent auto-exploring this place.
 F = Levels seen in this place.
 G = Mean time per level.
                   A        B        C        D        E       F      G
               +--------+--------+--------+--------+--------+-----+--------+
         Total |   3745 |   3674 |     71 |      0 |   2911 |   4 |  936.2 |
       Dungeon |   3745 |   3674 |     71 |      0 |   2911 |   4 |  936.2 |
               +--------+--------+--------+--------+--------+-----+--------+

Top non-repeatable levels by time:
     D:1: 1357 daAuts
     D:2: 1151 daAuts
     D:3: 1092 daAuts
     D:4: 144 daAuts
